 Dungeon Crawl Stone Soup version 0.27-a0-1196-g3e9cee4cb2 (webtiles) character file.

Game seed: 15580985809892290719

248 senseless the Ruffian (level 5, -4/40 HPs)
             Began as a Demigod Transmuter on May 28, 2021.
             Slain by a kobold
             ... wielding a +1 short sword of distortion
              (14 damage)
             ... on level 3 of the Dungeon.
             The game lasted 00:10:08 (4729 turns).

senseless the Ruffian (Demigod Transmuter)          Turns: 4729, Time: 00:10:08

Health: -4/40      AC:  2    Str: 15    XL:     5   Next: 55%
Magic:  9/12       EV: 12    Int: 15    God:
Gold:   109        SH:  0    Dex: 14    Spells: 3/9 levels left

rFire    . . .     SeeInvis .     - Unarmed
rCold    . . .     Faith    .   (no shield)
rNeg     . . .     Spirit   .   a - +0 robe
rPois    .         Reflect  .   (no helmet)
rElec    .         Harm     .   (no cloak)
rCorr    .         Rampage  .   (no gloves)
Will     .....                  (no boots)
Stlth    ++........             (no amulet)
HPRegen  0.13/turn              (no ring)
MPRegen  0.13/turn              (no ring)

@: wereblooded, very slightly contaminated
A: high mp 1, forlorn
a: no special abilities


You were on level 3 of the Dungeon.
You visited 1 branch of the dungeon, and saw 3 of its levels.

You collected 109 gold pieces.

Inventory:

Armour
 a - a +0 robe (worn)
Magical Staves
 h - a staff of poison
Scrolls
 c - a scroll of teleportation
Potions
 b - 2 potions of lignification
 d - a potion of curing
 g - a potion of mutation
 i - a potion of degeneration {unknown}


   Skills:
 + Level 1.4 Fighting
 + Level 2.3 Dodging
 + Level 1.3 Stealth
 + Level 4.1 Unarmed Combat
 + Level 2.8 Spellcasting
 + Level 3.0 Transmutations


You had 3 spell levels left.
You knew the following spells:

 Your Spells              Type           Power      Damage    Failure   Level
a - Beastly Appendage     Tmut           22%        N/A       6%          1
b - Wereblood             Tmut           11%        N/A       9%          2
c - Spider Form           Tmut/Pois      3%         N/A       32%         3

Your spell library contained the following spells:

 Spells                   Type           Power      Damage    Failure   Level
 Ice Form                 Ice/Tmut       6%         N/A       73%         4
 Hydra Form               Tmut           5%         N/A       86%         5


Dungeon Overview and Level Annotations

Branches:
Dungeon (3/15)

Annotations:
D:3 p0werm0de's ghost, amateur GrFi


Innate Abilities, Weirdness & Mutations

Your attributes grow dramatically as you level up.
You have an increased reservoir of magic. (+10% MP)
You shall have no god before yourself.


Message History

You kill the bat!
No target in view!
There is a large open translucent door here.
There is an open door here.
You see here a +0 leather armour.
P0werm0de's ghost wails, "Very impressive.
But it won't help.
Nothing will."
You open the gate.
The kobold throws a poisoned dart.
The poisoned dart hits you!
You are poisoned.
You feel sick.
You feel sick.
The kobold throws a poisoned dart.
The poisoned dart hits you!
You are more poisoned.
You feel sick.
You feel sick.
Casting: Beastly Appendage (safe; 6% risk of failure)
Confirm with . or Enter, or press ? or * to list all spells.
You miscast Beastly Appendage.
You are very lightly contaminated with residual magic.
Nothing appears to happen.
You feel sick.
Casting: Beastly Appendage (safe; 6% risk of failure)
Confirm with . or Enter, or press ? or * to list all spells.
Your blood is infused with primal strength.
You feel sick.
You hit the kobold.
The kobold is severely wounded.
You feel sick. The kobold hits you with a +0 whip.
You hit the kobold.
You kill the kobold!
You feel sick.
You hit the kobold.
The kobold is severely wounded.
The kobold hits you with a +1 short sword of distortion.
Space warps horribly around you!!
Ouch! That really hurt!
* * * LOW HITPOINT WARNING * * *
You are too injured to fight recklessly!
You are too injured to fight recklessly!
You feel better. The kobold hits you but does no damage.
Space warps horribly around you!
You die...

...# #.# ...# #.#
...# #.#
...#######.#
...........#
...###############
...##.....KK.K.KK#
........KWK#####K#
##.##'''##.# #@#
####.....### #.#
###≈.#.#.≈# #.#
..#⌠.#.#.⌠# #.#
..#≈.#.#.≈# #.#
..##.....## #.#
...##.)(## #.#
....#### #.#
.......# #.#


You could see 3 kobolds.

Vanquished Creatures
  A bullfrog zombie (D:3)
  2 iguanas (D:3)
  An orc wizard (D:3)
  3 gnolls (D:3)
  2 adders
  3 worms
  4 dart slugs
  4 orcs (D:3)
  8 endoplasms
  2 giant cockroaches
  8 goblins
  7 hobgoblins
  4 quokkas
  5 ball pythons
  6 bats
  6 frilled lizards
  3 kobolds
  5 rats
74 creatures vanquished.

Vanquished Creatures (others)
  2 fungi (D:3)
  A plant (D:3)
3 creatures vanquished.

Grand Total: 77 creatures vanquished

Notes
Turn   | Place    | Note
-------+----------+-------------------------------------------
     0 | D:1      | senseless the Demigod Transmuter began the quest for the
                  | Orb.
     0 | D:1      | Reached XP level 1. HP: 15/15 MP: 5/5
   207 | D:1      | Reached XP level 2. HP: 22/22 MP: 5/7
   253 | D:1      | Reached skill level 3 in Unarmed Combat
  1094 | D:1      | Reached XP level 3. HP: 23/27 MP: 6/8
  2231 | D:2      | Reached skill level 1 in Fighting
  2523 | D:2      | Learned a level 2 spell: Wereblood
  2527 | D:2      | Learned a level 3 spell: Spider Form
  3089 | D:3      | Reached XP level 4. HP: 34/35 MP: 8/10
  3104 | D:3      | Reached skill level 1 in Stealth
  3406 | D:3      | Found a large runed translucent door.
  3408 | D:3      | Found a large runed translucent door.
  3526 | D:3      | Reached XP level 5. HP: 32/40 MP: 11/11
  3834 | D:3      | Reached skill level 4 in Unarmed Combat
  4275 | D:3      | Found a runed translucent gate.
  4282 | D:3      | Found a runed translucent gate.
  4283 | D:3      | Noticed p0werm0de's ghost (amateur GrFi)
  4288 | D:3      | Found a runed translucent gate.
  4481 | D:3      | Noticed an angel
  4729 | D:3      | Slain by a kobold

Illustrated notes

Levels and vault maps discovered:
D:1:      dpeg_arrival_central, layout_basic, chequers_serial_rivers_small_b
D:2:      layout_rooms, serial_corexii_hall, corexii_hall_statues_x,
          corexii_hall_statues_x, corexii_hall_statues_x,
          corexii_hall_statues_i, chequers_hall_statues_y,
          corexii_hall_statues_l, hellmonk_ecumenical_altar_slurped_away,
          chequers_avenue
D:3:      layout_basic, zin_angel, jmf_multi_god_temple2,
          gammafunk_ghost_nasty_kobolds, minmay_increasing_density

Skill      XL: |  1  2  3  4  5 |
---------------+----------------+-----
Transmutations | 2 3 |  3.0
Dodging        | 2 |  2.3
Unarmed Combat | 3 4 |  4.1
Spellcasting   | 2 |  2.8
Fighting       | 1 |  1.4
Stealth        | 1 |  1.3

Action                   |  1- 3 |  4- 6 || total
-------------------------+-------+-------++-------
Melee: Unarmed           |   126 |    74 ||   200
       Kick              |    28 |    24 ||    52
       Headbutt          |    20 |    14 ||    34
 Cast: Beastly Appendage |    33 |    15 ||    48
       Wereblood         |       |     1 ||     1
  Use: Scroll            |     6 |     3 ||     9
       Potion            |       |     3 ||     3
 Stab: Sleeping          |     4 |       ||     4
Armor: Robe              |    19 |     8 ||    27
Dodge: Dodged            |    66 |    28 ||    94

Table legend: (Time is in decaauts)
 A = Elapsed time spent in this place.
 B = Non-inter-level travel time spent in this place.
 C = Inter-level travel time spent in this place.
 D = Time resting spent in this place.
 E = Time spent auto-exploring this place.
 F = Levels seen in this place.
 G = Mean time per level.
                   A        B        C        D        E       F      G
               +--------+--------+--------+--------+--------+-----+--------+
         Total |   4717 |   4674 |     43 |     38 |   4120 |   3 | 1572.3 |
       Dungeon |   4717 |   4674 |     43 |     38 |   4120 |   3 | 1572.3 |
               +--------+--------+--------+--------+--------+-----+--------+

Top non-repeatable levels by time:
     D:3: 2194 daAuts
     D:1: 1366 daAuts
     D:2: 1155 daAuts
